cohdb
Replays
Latest Replays
All Replays
Popular Replays
Top Player Replays
Match Explorer
How It Works
Community
CoH3 Stats
Reddit
Sign in to upload your games and track your stats! →
Sign in with Steam
Match 43143271
Unlisted
Match 43143271
Overview
Messages
Build Orders
End
Kradschützen Motorcycle Team
Panzerpioneer Squad
Selects Panzerjäger Kommand Battlegroup
Panzergrenadier Squad
250 Light Carrier
Panzergrenadier Squad
Construct Light Support Kompanie
Selects GrB 39 Grenade Launcher Requisition
Assault Mechanized Group
Combat Half-tracks
Fire Support Elements
Flakvierling Half-track
Selects Mine Fields
Selects Defensive Positions
Vehicle Survival Package
Veteran Squad Leaders
Pak 38 Mechanized Group
Selects Butterfly Bomb Drop
Construct Panzerarmee Kommand
Panzer III L Medium Tank
2.5-tonne Medical Truck
Selects Crew Shock Tactics
Pak 38 Mechanized Group
Trion
Nong Job
0
0
Comments
sign in to comment!
No comments posted yet!